Map: Orbital Shipyard

Players

capac - Winner!

  • Race: Terran Terran
  • League: Gold

A.I. 1 (Elite)

  • Race: Protoss Protoss

VOD

Have the link to the VOD?

Description

Time

  • Played on: March 22, 2016, 2:59 p.m.
  • Length: 14:07
Show
View Real Time Build Order
Export as new Build Order

capac Terran - Winner!

Build Orders: Bio Tank 

Get SALT Encoding   

  12  0:01  SCV  
  13  0:13  SCV  
  14  0:18  Supply Depot  
  14  0:27  SCV  
  15  0:39  SCV  
  15  0:41  Barracks  
  16  0:45  Refinery  
  16  0:53  SCV  
  17  1:05  SCV  
  18  1:17  SCV  
  19  1:29  Reaper, SCV  
  21  1:36  Command Center  
  21  1:45  Orbital Command  
  21  1:54  Supply Depot  
  21  2:04  Barracks Reactor  
  21  2:10  Barracks  
  21  2:12  SCV  
  22  2:26  Factory  
  22  2:28  SCV  
  22  2:29  Refinery  
  23  2:41  Marine x2  
  25  2:47  SCV  
  27  2:59  Orbital Command  
  27  3:01  Marine x2  
  27  3:02  Barracks Tech Lab  
  28  3:08  Engineering Bay  
  28  3:10  Factory Tech Lab  
  27  3:12  Starport  
  27  3:19  Marine x2  
  29  3:25  Marine  
  30  3:27  SCV  
  30  3:30  SCV  
  32  3:37  Siege Tank  
  35  3:42  SCV x2  
  37  3:53  Medivac  
  39  3:57  Supply Depot  
  39  4:01  Marine  
  39  4:02  Marine x2  
  42  4:10  Stimpack  
  42  4:18  SCV x2  
  42  4:19  Marine x3  
  42  4:21  Refinery  
  47  4:25  Supply Depot  
  47  4:29  Starport Reactor  
  47  4:31  SCV x2  
  49  4:43  Marine x3, SCV x2  
  54  4:48  Siege Tank  
  57  4:55  SCV x2  
  57  4:57  Supply Depot  
  59  5:04  Marine x3  
  62  5:18  SCV x2  
  62  5:21  Marine, Medivac x2  
  68  5:22  Marine  
  70  5:37  Supply Depot  
  70  5:41  Marine x3, SCV x2  
  75  5:45  Refinery  
  75  5:49  Liberator  
  75  5:53  SCV x2  
  75  5:56  Barracks  
  77  6:02  Marine x3  
  83  6:04  Siege Tank  
  86  6:13  Liberator  
  86  6:16  Combat Shields  
  86  6:30  Marine x3, SCV  
  86  6:32  Supply Depot, SCV  
  94  6:51  Barracks Reactor  
  94  6:52  Barracks  
  94  6:53  Marine x3, Siege Tank, SCV  
  99  7:09  Liberator  
  99  7:11  Marine  
  90  7:21  Marauder  
  92  7:23  Marine  
  92  7:26  Siege Tank, Command Center  
  92  7:29  Marine  
  100  7:38  Marine x2  
  100  7:40  Barracks Reactor  
  100  7:42  Supply Depot  
  100  7:43  Liberator  
  102  7:46  Supply Depot  
  102  7:47  Marine x2  
  102  7:48  Marine  
  105  7:55  Marine  
  105  7:56  Marine  
  107  8:05  Marine x2, SCV  
  113  8:06  Marine, Siege Tank  
  113  8:12  Medivac  
  119  8:13  Marine x2  
  121  8:22  SCV x2  
  121  8:23  Supply Depot, Marine  
  121  8:25  Supply Depot  
  121  8:26  Marine x2  
  126  8:38  SCV x2  
  128  8:49  Engineering Bay  
  128  8:51  Terran Infantry Weapons Level 1  
  128  8:53  Marine  
  128  8:54  Marine x5  
  136  8:55  Marauder  
  136  9:12  Marine x4  
  136  9:13  Marine x2  
  136  9:15  Siege Tank  
  136  9:16  Marine  
  146  9:17  Medivac x2  
  146  9:19  Orbital Command  
  146  9:23  SCV  
  146  9:24  SCV  
  152  9:30  Armory  
  152  9:31  Terran Infantry Armor Level 1  
  152  9:32  Supply Depot  
  152  9:33  Supply Depot  
  152  9:34  Supply Depot  
  152  9:37  Marine x3  
  142  10:28  Liberator x2  
  140  10:42  Marine x4  
  140  10:43  Marine x3  
  140  10:44  Siege Tank  
  143  11:11  Marine  
  143  11:12  Marine x6  
  150  11:32  Marine x2  
  150  11:33  Marine x4  
  156  11:50  Marauder  
  157  12:12  Marauder  
  159  12:38  Marine x2  
  159  12:39  Marine x5  
  165  12:56  Marine x3  
  165  12:57  Marine x4  
  171  13:14  Marine x4  
  171  13:15  Marine x3  
  178  13:21  Medivac  
  180  13:32  Marine  
Show
View Real Time Build Order
Export as new Build Order

A.I. 1 (Elite) Protoss 

Build Orders: 1 Gate Expand 

Get SALT Encoding   

  12  0:01  Probe (Chrono Boost)  
  13  0:11  Probe (Chrono Boost)  
  14  0:20  Pylon  
  14  0:22  Probe (Chrono Boost)  
  15  0:38  Probe (Chrono Boost)  
  16  0:47  Assimilator  
  16  0:49  Probe (Chrono Boost), Gateway  
  17  0:59  Probe (Chrono Boost), Pylon  
  18  1:10  Probe (Chrono Boost)  
  19  1:20  Probe (Chrono Boost)  
  20  1:31  Probe (Chrono Boost)  
  21  1:37  Nexus  
  21  1:42  Probe (Chrono Boost), Zealot  
  24  1:54  Probe (Chrono Boost)  
  25  2:00  Cybernetics Core  
  25  2:05  Probe (Chrono Boost)  
  27  2:15  Probe (Chrono Boost)  
  27  2:26  Probe (Chrono Boost)  
  27  2:27  Pylon  
  28  2:32  Warp Gate  
  28  2:33  Stalker  
  28  2:36  Gateway  
  30  2:47  Assimilator  
  30  3:01  Adept  
  30  3:02  Probe (Chrono Boost)  
  33  3:06  Probe (Chrono Boost)  
  33  3:12  Pylon  
  34  3:14  Probe (Chrono Boost)  
  34  3:17  Probe (Chrono Boost)  
  35  3:21  Zealot  
  35  3:24  Probe (Chrono Boost)  
  38  3:27  Adept  
  38  3:29  Probe (Chrono Boost)  
  41  3:36  Probe (Chrono Boost), Robotics Facility  
  43  3:42  Probe (Chrono Boost)  
  43  3:47  Probe (Chrono Boost), Adept  
  44  3:52  Adept  
  44  3:53  Probe (Chrono Boost)  
  49  3:59  Probe (Chrono Boost)  
  50  4:04  Probe (Chrono Boost)  
  50  4:08  Pylon  
  52  4:10  Probe (Chrono Boost)  
  52  4:13  Adept  
  52  4:16  Probe (Chrono Boost)  
  55  4:19  Stalker  
  55  4:21  Probe (Chrono Boost)  
  55  4:22  Immortal  
  58  4:27  Pylon  
  58  4:29  Probe (Chrono Boost)  
  63  4:32  Probe (Chrono Boost)  
  64  4:40  Probe (Chrono Boost)  
  64  4:44  Probe (Chrono Boost), Robotics Facility  
  66  4:48  Stalker  
  68  4:57  Probe (Chrono Boost), Stalker  
  68  4:59  Probe (Chrono Boost), Immortal  
  72  5:04  Pylon  
  76  5:07  Pylon  
  76  5:13  Stalker  
  78  5:22  Stalker  
  78  5:23  Probe (Chrono Boost)  
  78  5:24  Assimilator  
  78  5:25  Probe (Chrono Boost)  
  82  5:32  Pylon  
  82  5:34  Sentry  
  84  5:35  Gateway  
  84  5:38  Assimilator  
  84  5:46  Zealot  
  84  5:47  Forge  
  84  5:48  Probe x2 (Chrono Boost)  
  88  5:57  Nexus, Forge  
  88  6:05  Probe (Chrono Boost)  
  89  6:13  Protoss Ground Weapons Level 1  
  89  6:23  Robotics Bay, Protoss Ground Armor Level 1  
  89  6:29  Pylon  
  89  6:34  Pylon  
  89  6:41  Gateway  
  89  6:45  Sentry  
  91  6:47  Zealot  
  91  6:52  Observer  
  94  6:55  Photon Cannon  
  94  6:57  Pylon  
  89  7:02  Zealot  
  89  7:03  Probe x2 (Chrono Boost)  
  70  7:08  Colossus  
  70  7:10  Probe (Chrono Boost)  
  70  7:14  Probe x2 (Chrono Boost)  
  73  7:15  Zealot  
  73  7:19  Assimilator  
  73  7:22  Probe (Chrono Boost)  
  76  7:26  Probe x2 (Chrono Boost)  
  78  7:33  Colossus, Probe (Chrono Boost)  
  86  7:37  Probe (Chrono Boost)  
  86  7:41  Probe (Chrono Boost)  
  88  7:44  Probe (Chrono Boost)  
  88  7:45  Sentry  
  88  7:49  Probe (Chrono Boost)  
  91  7:52  Probe (Chrono Boost)  
  91  7:56  Probe (Chrono Boost)  
  93  8:00  Probe (Chrono Boost)  
  93  8:03  Probe (Chrono Boost)  
  95  8:07  Probe (Chrono Boost)  
  95  8:12  Probe (Chrono Boost)  
  97  8:16  Protoss Shields Level 1  
  97  8:18  Probe (Chrono Boost)  
  97  8:19  Probe (Chrono Boost)  
  99  8:22  Probe (Chrono Boost)  
  100  8:27  Photon Cannon  
  100  8:29  Probe (Chrono Boost)  
  100  8:30  Photon Cannon  
  100  8:33  Probe (Chrono Boost)  
  103  8:34  Probe (Chrono Boost), Extended Thermal Lance  
  103  8:40  Probe (Chrono Boost)  
  104  8:45  Probe x2 (Chrono Boost)  
  106  8:51  Probe (Chrono Boost)  
  107  8:57  Nexus  
  107  9:00  Probe (Chrono Boost)  
  107  9:02  Probe (Chrono Boost)  
  110  9:04  Probe (Chrono Boost)  
  110  9:07  Colossus  
  110  9:09  Pylon  
  110  9:11  Probe (Chrono Boost)  
  110  9:12  Zealot  
  110  9:13  Zealot  
  110  9:15  Probe (Chrono Boost)  
  110  9:16  Probe (Chrono Boost)  
  117  9:19  Zealot  
  117  9:22  Probe (Chrono Boost), Zealot  
  122  9:27  Probe (Chrono Boost)  
  122  9:28  Probe (Chrono Boost)  
  122  9:31  Zealot  
  126  9:33  Probe (Chrono Boost), Zealot  
  126  9:38  Immortal  
  131  9:39  Probe (Chrono Boost)  
  131  9:40  Probe (Chrono Boost)  
  131  9:44  Pylon  
  131  9:45  Probe (Chrono Boost)  
  136  9:46  Colossus  
  142  10:00  Photon Cannon  
  142  10:04  Pylon  
  142  10:05  Stargate  
  142  10:06  Stalker  
  138  10:08  Stalker  
  138  10:11  Probe (Chrono Boost)  
  138  10:12  Probe (Chrono Boost)  
  138  10:13  Probe (Chrono Boost)  
  117  10:15  Stalker  
  117  10:19  Immortal  
  115  10:24  Stalker  
  115  10:27  Zealot  
  117  10:30  Zealot  
  111  10:37  Adept  
  111  10:38  Probe (Chrono Boost)  
  111  10:40  Immortal  
  113  10:45  Probe (Chrono Boost), Adept  
  113  10:46  Probe (Chrono Boost), Zealot  
  113  10:49  Phoenix  
  114  10:58  Nexus  
  96  11:05  Adept  
  96  11:06  Sentry  
  96  11:09  Zealot  
  102  11:11  Adept  
  102  11:12  Phoenix  
  102  11:14  Probe (Chrono Boost)  
  105  11:23  Zealot  
  95  11:26  Probe (Chrono Boost)  
  95  11:28  Immortal, Zealot, Adept  
  95  11:30  Sentry  
  105  11:42  Stalker  
  105  11:46  Stalker  
  101  11:47  Zealot  
  101  11:50  Stalker  
  99  12:02  Zealot  
  99  12:07  Zealot  
  99  12:08  Zealot  
  101  12:11  Zealot  
  103  12:21  Adept  
  105  12:25  Stalker  
  105  12:26  Stalker, Zealot, Pylon  
  103  12:30  Stalker  
  103  12:32  Probe (Chrono Boost)  
  103  12:33  Probe (Chrono Boost)  
  71  12:45  Zealot  
  71  12:47  Zealot  
  75  12:53  Probe (Chrono Boost)  
  75  12:56  Pylon  
  73  13:02  Pylon  
  48  13:13  Nexus  
  48  13:15  Probe (Chrono Boost)  
  48  13:17  Pylon  
  48  13:19  Twilight Council  
  38  13:22  Gateway  
  20  13:41  Probe (Chrono Boost)  
  19  13:52  Probe (Chrono Boost)  
Tags
 
Composition
Bio Tank
League
Gold
Matchup
PvT
Add a new tag
Caveats
  • Supply blocks, unpowered buildings, or Contaminate may cause inaccurate times.
  • Supply counts are checked every 10 seconds.